 Dungeon Crawl Stone Soup version 0.29.0-13-gc9e81de378 (webtiles) character file.

Game seed: 6919626744064720298

18925 SensoryNuts the Carver (level 12, -5/89 HPs)
             Began as a Demonspawn Fighter on Sept 7, 2022.
             Slain by an eight-headed hydra (13 damage)
             ... on level 10 of the Dungeon.
             The game lasted 00:14:24 (10776 turns).

SensoryNuts the Carver (Demonspawn Fighter)        Turns: 10776, Time: 00:14:25

Health: -5/89      AC: 18    Str: 18    XL:     12   Next: 32%
Magic:  12/12      EV:  9    Int:  9    God:
Gold:   567        SH: 26    Dex: 17    Spells: 11/11 levels left

rFire   . . .      SeeInvis .   e - +7 Throatcutter {drain, coup de grace}
rCold   . . .      Faith    .   F - +4 tower shield
rNeg    . . .      Spirit   .   i - +0 plate armour
rPois   .          Reflect  .   (helmet restricted)
rElec   .          Harm     .   D - +1 cloak
rCorr   .          Rampage  .   j - +2 pair of gloves
Will    .....                   (no boots)
Stlth   ..........              l - amulet of regeneration
HPRegen 1.04/turn               (no ring)
MPRegen 0.26/turn               (no ring)

@: mighty, agile, about to teleport
A: antennae 2, large bone plates 2, powered by pain 2, magic regeneration
a: no special abilities


You were on level 10 of the Dungeon.
You visited 2 branches of the dungeon, and saw 12 of its levels.
You also visited: Bailey.

You collected 597 gold pieces.
You spent 30 gold pieces at shops.

Inventory:

Hand Weapons
 e - the +7 Throatcutter (weapon) {drain, coup de grace}
   (You found it on level 3 of the Dungeon)

   A truly terrible weapon, it drains the life of any living foe it strikes.
   It may instantly kill foes which have little health.
 H - a +1 demon blade of draining
Missiles
 g - 2 throwing nets
Armour
 i - a +0 plate armour (worn)
 j - a +2 pair of gloves (worn)
 D - a +1 cloak (worn)
 F - a +4 tower shield (worn)
Jewellery
 c - a ring of fire
 h - an amulet of magic regeneration
 l - an amulet of regeneration (around neck)
 x - a ring of wizardry
 B - a ring of wizardry
Wands
 k - a wand of flame (5) (quivered)
 s - a wand of roots (34)
 w - a wand of digging (7)
 A - a wand of charming (7)
 C - a wand of quicksilver (11)
Scrolls
 b - a scroll of amnesia
 p - 2 scrolls of butterflies
 u - 3 scrolls of teleportation
 v - 5 scrolls of magic mapping
 y - 7 scrolls of identify
 z - a scroll of blinking
 E - 2 scrolls of fear
Potions
 d - a potion of flight
 f - a potion of brilliance
 m - 4 potions of magic
 o - a potion of degeneration
 q - 2 potions of lignification
 r - a potion of curing
 G - a potion of might


   Skills:
 + Level 6.5 Fighting
 * Level 13.8 Long Blades
 + Level 6.6 Armour
 + Level 3.0 Dodging
 + Level 0.6 Stealth
 + Level 8.5 Shields
 + Level 5.5 Evocations


You had 11 spell levels left.
You didn't know any spells.
Your spell library contained the following spells:

 Spells                   Type           Power      Damage    Failure   Level
 Apportation              Tloc           0%         N/A       100%        1
 Necrotise                Necr           0%         1d4       100%        1
 Summon Small Mammal      Summ           0%         N/A       100%        1
 Passwall                 Tmut/Erth      0%         N/A       100%        2
 Poisonous Vapours        Pois/Air       0%         N/A       100%        2
 Call Canine Familiar     Summ           0%         N/A       100%        3
 Gell's Gravitas          Tloc           0%         N/A       100%        3
 Summon Guardian Golem    Hex/Summ       0%         N/A       100%        3
 Teleport Other           Tloc           0%         N/A       100%        3
 Corpse Rot               Necr/Pois/Air  0%         N/A       100%        4
 Ice Form                 Ice/Tmut       0%         N/A       100%        4
 Iskenderun's Battlesphe  Conj           0%         2d6       100%        5
 Dispersal                Tloc           0%         N/A       100%        6
 Iron Shot                Conj/Erth      0%         9d1       100%        6
 Statue Form              Tmut/Erth      0%         N/A       100%        6
 Spellforged Servitor     Conj/Summ      0%         N/A       100%        7
 Necromutation            Tmut/Necr      0%         N/A       100%        8


Dungeon Overview and Level Annotations

Branches:
Dungeon (11/15)            Temple (1/1) D:7            Lair (0/5) D:11
    Orc (0/2) D:9          Bailey (visited)

Altars:
Ashenzari
Cheibriados
Dithmenos
Fedhas
Gozag
Hepliaklqana
Kikubaaqudgha
Makhleb
Nemelex Xobeh
Okawaru
Qazlal
Ru
Sif Muna
Trog
Uskayaw
Vehumet
Wu Jian
Xom
Yredelemnul

Shops:
D:9 *

Annotations:
D:9 2 transporters, Flarelocke's ghost, novice MiFi


Innate Abilities, Weirdness & Mutations

You have a pair of antennae on your head.
You are mostly covered in large bone plates. (SH +6)
You sometimes gain power by taking damage.
You regenerate magic rapidly.


Message History

You block the stone arrow. The eight-headed hydra misses you.
You block the eight-headed hydra's attack.
The eight-headed hydra closely misses you. x2
You block the eight-headed hydra's attack.
The eight-headed hydra bites you but does no damage.
You block the eight-headed hydra's attack.
The eight-headed hydra bites you!
There is a stone staircase leading up here.
You block the gargoyle's attack.
The eight-headed hydra bites you but does no damage.
You block the eight-headed hydra's attack. x2
The eight-headed hydra bites you!
The eight-headed hydra bites you but does no damage.
The eight-headed hydra closely misses you.
The eight-headed hydra misses you.
You block the eight-headed hydra's attack.
You climb upwards.
There is a stone staircase leading down here.
As you read the scroll of teleportation, it crumbles to dust.
You feel strangely unstable.
The gargoyle hurls a stone arrow at you.
The stone arrow hits you!
The eight-headed hydra bites you but does no damage.
You block the eight-headed hydra's attack. x3
The eight-headed hydra bites you!
* * * LOW HITPOINT WARNING * * *
The eight-headed hydra bites you!
* * * LOW HITPOINT WARNING * * *
You focus on the pain.
You feel very mighty all of a sudden.
The eight-headed hydra bites you but does no damage. x2
You block the eight-headed hydra's attack. x2
The eight-headed hydra bites you but does no damage.
You block the eight-headed hydra's attack.
The eight-headed hydra barely misses you.
The eight-headed hydra bites you.
* * * LOW HITPOINT WARNING * * *
You block the eight-headed hydra's attack.
The eight-headed hydra bites you!
You die...

.# #[# #.# #.# .# #.#
#######.# #.# .# #.#
#.......# #.# .###.#
#.......# #.# ...#.#
#.......# #.# ##.#.#
#.......# #.#
##.#.#####.......# #.#
...............D9# #.#
.....##.....####@# #.#
.....##.###.# #.# #.#
....###...#.# #.# #.#
..........#.####.# #.#
..........#......# #.#
#########.#..##..# #.#
#########.#..##..###.#
..........#..##......#
..........#..###.#####


You could see an eight-headed hydra and a gargoyle.

Vanquished Creatures
  A boulder beetle (D:11)
  The ghost of pacmanke6689 the Basher, a journeyman FoFi of Okawaru (D:10)
  A two-headed ogre (D:9)
  Pikel (D:8)
  Maggie (D:8)
  A hornet (D:9)
  Prince Ribbit (D:9)
  Grinder (D:3)
  2 wyverns
  19 yaks
  Grum (D:10)
  A steam dragon (D:10)
  2 wargs (D:11)
  2 acid dragons
  15 orc warriors
  2 sky beasts (D:8)
  12 centaurs
  An ogre (D:5)
  3 wolves (D:10)
  A lemure (D:8)
  3 kobold brigands
  4 phantoms (D:4)
  3 bullfrogs
  2 gnoll sergeants
  4 scorpions
  A water moccasin zombie (D:4)
  8 wights (D:7)
  5 killer bees (D:11)
  5 howler monkeys (D:9)
  A bullfrog zombie (D:4)
  A centaur skeleton (D:4)
  7 orc priests
  A gnoll bouda (D:9)
  8 hounds
  5 jellies
  3 iguanas (D:7)
  Terence (D:2)
  4 orc wizards
  3 hound zombies (D:4)
  A howler monkey zombie (D:4)
  Robin (D:3)
  11 adders
  12 gnolls
  A river rat (D:3)
  A shadow imp (D:7)
  A white imp (D:7)
  An ufetubus (D:6)
  An adder zombie (D:4)
  2 worms (D:3)
  2 dart slugs
  33 orcs
  7 ball pythons
  5 endoplasms
  7 giant cockroaches
  15 goblins
  5 hobgoblins
  12 kobolds
  2 quokkas
  6 bats
  2 frilled lizards (D:2)
  A quokka skeleton (D:4)
  A quokka zombie (D:4)
  12 rats
280 creatures vanquished.

Vanquished Creatures (collateral kills)
  A hydra (D:11)
1 creature vanquished.

Grand Total: 281 creatures vanquished

Notes
Turn   | Place    | Note
-------+----------+-------------------------------------------
     0 | D:1      | SensoryNuts the Demonspawn Fighter began the quest for the
                  | Orb.
     0 | D:1      | Reached XP level 1. HP: 18/18 MP: 1/1
   178 | D:1      | Reached skill level 2 in Long Blades
   196 | D:1      | Gained mutation: You sometimes gain a little power by
                  | taking damage. [demonic ancestry]
   196 | D:1      | Reached XP level 2. HP: 10/24 MP: 2/2
  1128 | D:2      | Gained mutation: You sometimes gain power by taking damage.
                  | [demonic ancestry]
  1128 | D:2      | Reached XP level 3. HP: 25/29 MP: 3/3
  1288 | D:2      | Identified the +0 hand axe "Xafun" {drain, Str+3}
  1398 | D:2      | Reached skill level 3 in Long Blades
  1481 | D:2      | Noticed Terence
  1495 | D:2      | Killed Terence
  1496 | D:2      | Gained mutation: You have a pair of small antennae on your
                  | head. [demonic ancestry]
  1496 | D:2      | Reached XP level 4. HP: 20/35 MP: 4/4
  2614 | D:3      | Noticed Grinder
  2622 | D:3      | Paralysed by Grinder for 3 turns
  2631 | D:3      | Paralysed by Grinder for 4 turns
  2644 | D:3      | Killed Grinder
  2645 | D:3      | Reached skill level 4 in Long Blades
  2645 | D:3      | Reached skill level 1 in Dodging
  2645 | D:3      | Gained mutation: You regenerate magic rapidly. [demonic
                  | ancestry]
  2645 | D:3      | Reached XP level 5. HP: 18/42 MP: 5/5
  2645 | D:3      | Gained mutation: You have a pair of antennae on your head.
                  | [demonic ancestry]
  2645 | D:3      | Reached XP level 6. HP: 20/48 MP: 6/6
  2865 | D:3      | Found an ornate altar of the Wu Jian Council.
  2866 | D:3      | Noticed Robin
  2919 | D:3      | Killed Robin
  3056 | D:3      | Found the +7 Throatcutter {drain, coup de grace}
  3622 | D:4      | Reached skill level 5 in Long Blades
  3733 | D:4      | Reached XP level 7. HP: 49/53 MP: 7/7
  3848 | D:4      | Reached skill level 6 in Long Blades
  4105 | D:4      | Reached XP level 8. HP: 61/61 MP: 8/8
  4184 | D:4      | Reached skill level 7 in Long Blades
  4322 | D:4      | Got the Tractate on Metamorphosis
  4735 | D:5      | Entered Level 5 of the Dungeon
  4992 | D:5      | Reached skill level 8 in Long Blades
  5919 | D:7      | Found an opulent altar of Gozag.
  6084 | D:7      | Reached XP level 9. HP: 48/63 MP: 9/9
  6089 | D:7      | Reached skill level 9 in Long Blades
  6092 | D:7      | Reached skill level 5 in Armour
  6335 | D:7      | Reached skill level 5 in Fighting
  6502 | D:7      | Found a staircase to the Ecumenical Temple.
  6971 | Temple   | Entered the Ecumenical Temple
  7205 | D:8      | Noticed Pikel
  7213 | D:8      | Killed Pikel
  7216 | D:8      | Reached skill level 10 in Long Blades
  7311 | D:8      | Found a hazy altar of Hepliaklqana.
  7317 | D:8      | Found a sacrificial altar of Ru.
  7322 | D:8      | Found a bloodstained altar of Trog.
  7350 | D:8      | Noticed Maggie
  7360 | D:8      | Killed Maggie
  7620 | D:8      | Found a flagged portal.
  7638 | Bailey   | Entered a bailey
  7745 | Bailey   | Gained mutation: You are partially covered in large bone
                  | plates. (SH +4) [demonic ancestry]
  7745 | Bailey   | Reached XP level 10. HP: 74/74 MP: 10/10
  8028 | Bailey   | Reached skill level 11 in Long Blades
  8044 | Bailey   | Reached skill level 1 in Evocations
  8126 | Bailey   | Reached skill level 5 in Shields
  8266 | Bailey   | Reached skill level 12 in Long Blades
  8266 | Bailey   | Reached skill level 5 in Evocations
  8266 | Bailey   | Reached XP level 11. HP: 81/81 MP: 11/11
  8567 | D:9      | Found a staircase to the Orcish Mines.
  8782 | D:9      | Noticed a two-headed ogre
  8791 | D:9      | Killed a two-headed ogre
  8814 | D:9      | Found Buuraoc's Assorted Antiques.
  8887 | D:9      | Noticed Flarelocke's ghost (novice MiFi)
  8887 | D:9      | Noticed a centaur warrior
  8888 | D:9      | Found a transporter.
  8890 | D:9      | Noticed a five-headed hydra
  9042 | D:9      | Reached skill level 13 in Long Blades
  9083 | D:9      | Noticed Prince Ribbit
  9090 | D:9      | Killed Prince Ribbit
  9111 | D:9      | Found a transporter.
  9239 | D:10     | Entered Level 10 of the Dungeon
  9338 | D:10     | Gained mutation: You are mostly covered in large bone
                  | plates. (SH +6) [demonic ancestry]
  9338 | D:10     | Reached XP level 12. HP: 88/88 MP: 12/12
  9575 | D:10     | Found a runed translucent gate.
  9575 | D:10     | Found a runed translucent gate.
  9575 | D:10     | Found a runed translucent gate.
  9575 | D:10     | Noticed pacmanke6689's ghost (journeyman FoFi)
  9590 | D:10     | Noticed Grum
  9598 | D:10     | Killed Grum
  9979 | D:10     | Killed pacmanke6689's ghost
 10057 | D:9      | Bought a scroll labelled BOHEPA NANISTRI for 30 gold pieces
 10057 | D:9      | Acquired a +1 demon blade of draining
 10162 | D:11     | Noticed a five-headed hydra
 10170 | D:11     | Killed a six-headed hydra
 10278 | D:11     | Found a staircase to the Lair.
 10393 | D:11     | Noticed a boulder beetle
 10431 | D:11     | Killed a boulder beetle
 10655 | D:11     | Noticed a five-headed hydra
 10776 | D:10     | Slain by an eight-headed hydra

Illustrated notes

Levels and vault maps discovered:
D:1:      heliophobic_arrival_dark_side_of_the_moon, layout_rooms,
          minmay_indecisive_spiral
D:2:      layout_loops_corners, chequers_serial_rivers_large_a, uniq_terence
D:3:      layout_loops_cross, nicolae_wu_jian_immortal_techniques,
          lightli_sewer_entry_pipes, uniq_grinder, uniq_robin
D:4:      layout_basic, nicolae_tso_carved_into_rock, serial_undead,
          serial_undead_d, serial_undead_d, serial_undead_d, serial_undead_c
D:5:      layout_rooms
D:6:      layout_gridville, nicolae_overflow_hidden_temple
D:7:      layout_loops_corners, grunt_gozag_statues, temple_doors_cd,
          bh_walls_and_bars
D:8:      layout_loops_cross, minmay_overflow_temple_star_quad, enter_bailey_3,
          minmay_misc_feat_rows, uniq_maggie, uniq_pikel
D:9:      layout_roguey, orc_0_dummy, gammafunk_ghost_arena, serial_shops,
          nicolae_take_the_stairs, uniq_prince_ribbit1
D:10:     layout_basic, ebering_ghost_rock_garden, uniq_grum
D:11:     layout_irregular_city, erik_lair_orcish_takeover
Temple:   eino_wide_crystal_templ

Skill      XL: |  1  2  3  4  5  6  7  8  9 10 11 12 |
---------------+-------------------------------------+-----
Long Blades    | 2 3 4 5 6 8 10 12 13 | 13.8
Armour         | 3 4 6 |  6.6
Dodging        | 1 2 3 |  3.0
Shields        | 3 4 6 7 8 |  8.5
Fighting       | 4 5 6 |  6.5
Evocations     | 5 |  5.5
Stealth        | |  0.6

Action                   |  1- 3 |  4- 6 |  7- 9 | 10-12 || total
-------------------------+-------+-------+-------+-------++-------
Melee: Long sword        |   114 |   124 |   278 |   321 ||   837
Evoke: Wand              |       |       |       |    63 ||    63
  Use: Potion            |     1 |     3 |       |     7 ||    11
       Scroll            |       |    10 |    16 |     6 ||    32
Armor: Scale mail        |    78 |    63 |   106 |    29 ||   276
       Plate armour      |       |       |       |   102 ||   102
Dodge: Dodged            |    61 |    62 |    98 |    66 ||   287
Block: Buckler           |    34 |    32 |    43 |       ||   109
       Tower shield      |       |       |    71 |   511 ||   582
